AoeStats
← The Rule

Black Forest

510600866Analyzed
4v4 RM · 23h ago on Oct 1, 2026· 13m 53s· 8 players
Game mode
Random Map
Map size
Large (8 player)
Population
200
Speed
Normal
Resources
Standard
Victory
Conquest
Starting age
Dark Age
Ending age
Imperial Age
RankedLock teamsTeams togetherTeam positionsShared explorationLock speedFull tech treeHidden civsTurbo modeCheats
Victory
Defeat
🇧🇪 Portuguese · Belgium
1037
+15
🇧🇪 Britons · Belgium
1035
+15
🇧🇪 Saxons · Belgium
1014
+16
🇧🇪 Turks · Belgium
942
+19
🇨🇦 Japanese · Canada
1027
-17
🇹🇷 Varangians · Türkiye
1020
-17
🇪🇸 Mongols · Spain
1005
-16
🇺🇸 Poles · United States
989
-15
The Rule
8:02 Loom
9:47 Feudal Age
11:25 Double-Bit Axe
Dostoyevski
0:36 Loom
13:34 Feudal Age
ifitsReal
0:51 Loom
614Superdry
0:54 Loom
Frak
12:17 Feudal Age
Eras Video
0:39 Loom
10:27 Feudal Age
Tikke
0:26 Loom
7:58 Loom
12:15 Feudal Age
12:46 Feudal Age
Zorro
2:38 Loom
12:34 Feudal Age
12:59 Double-Bit Axe
13:16 Horse Collar
14:01 Fishing Lines
Connection lost

Rejoining the realm…

Still unreachable

The connection could not be restored.

Session expired

The server has moved on; the page needs a fresh start.